 Dungeon Crawl Stone Soup version 0.21.1-1-g345015f (webtiles) character file.

226 puylanitar the Firebug (level 6, -12/32 HPs)
             Began as a Gargoyle Fire Elementalist on June 4, 2018.
             Splashed by Ijyb's acid (17 damage)
             ... on level 2 of the Dungeon.
             The game lasted 00:07:24 (1740 turns).

puylanitar the Firebug (Gargoyle Fire Elementalist) Turns: 1740, Time: 00:07:27

Health: -12/32     AC:  0    Str: 12    XL:     6   Next: 1%
Magic:  1/11       EV: 12    Int: 17    God:
Gold:   68         SH:  0    Dex: 10    Spells: 6/12 levels left

rFire    . . .     SeeInvis .   g - -1 dagger (curse)
rCold    . . .     Gourm    .   (no shield)
rNeg     + . .     Faith    .   a - +0 robe
rPois    ∞         Spirit   .   o - +0 helmet (curse)
rElec    +         Reflect  .   (no cloak)
rCorr    .         Harm     .   (no gloves)
MR       .....     Rnd*Tele +   (no boots)
Stlth    ++........             (no amulet)
HPRegen  0.10/turn              j - ring of teleportation (curse)
MPRegen  0.12/turn              (no ring)

@: corroded
A: negative energy resistance 1, electricity resistance, unbreathing,
petrification resistance, rot immunity, AC +4
a: no special abilities


You were on level 2 of the Dungeon.
You were hungry.

You visited 1 branch of the dungeon, and saw 2 of its levels.

You collected 68 gold pieces.

Inventory:

Hand Weapons
 e - a +0 short sword
 g - a cursed -1 dagger (weapon)
 h - a +0 dagger
 n - a cursed -1 hunting sling
Armour
 a - a +0 robe (worn)
 o - a cursed +0 helmet (worn)
Jewellery
 j - a cursed ring of teleportation (left hand)
Scrolls
 k - a scroll of identify
Potions
 d - a potion of mutation
 f - a potion of haste
 i - a potion of flight
 l - a potion of cancellation {unknown}
 m - 4 potions of curing {unknown}
Books
 b - a book of Flames

   Spells                             Type                      Level
   a - Flame Tongue                   Conjuration/Fire             1
   b - Throw Flame                    Conjuration/Fire             2
   c - Conjure Flame                  Conjuration/Fire             3
   d - Inner Flame                    Hexes/Fire                   3
   e - Sticky Flame                   Conjuration/Fire             4
   f - Fireball                       Conjuration/Fire             5
Comestibles
 c - 3 rations


   Skills:
 - Level 1.5 Dodging
 - Level 2.1 Stealth
 + Level 3.5 Spellcasting
 + Level 3.6 Conjurations
 + Level 4.4 Fire Magic


You had 6 spell levels left.
You knew the following spells:

 Your Spells              Type           Power        Failure   Level  Hunger
a - Flame Tongue          Conj/Fire      ###..        3%          1    None
b - Conjure Flame         Conj/Fire      ###.....     10%         3    ###....
c - Throw Flame           Conj/Fire      ###...       4%          2    ##.....


Dungeon Overview and Level Annotations

Branches:
Dungeon (2/15)

Altars:
Gozag
Hepliaklqana
Makhleb

Annotations:
D:1 exclusion: downstairs
D:2 Ijyb


Innate Abilities, Weirdness & Mutations

You are resistant to torment.
Your stone body is resilient. (AC +4)
You are immune to poison.
You resist negative energy. (rN+)
You are resistant to electric shocks. (rElec)
You can survive without breathing.
You are immune to petrification.
You are immune to rotting.


Message History

Ijyb zaps a wand.
The bolt of acid hits you! The acid corrodes you!
You are splashed with acid!
The acid burns!
Your magical contamination has completely faded away.
You barely miss Ijyb.
Ijyb is almost dead.
Ijyb zaps a wand.
The bolt of acid misses you.
You barely miss Ijyb.
Ijyb is almost dead.
Ijyb hits you but does no damage.
You hit Ijyb but do no damage.
Ijyb is almost dead.
Ijyb hits you but does no damage.
You hit Ijyb but do no damage.
Ijyb is almost dead.
You are feeling hungry.
Ijyb zaps a wand.
The bolt of acid hits you!
* * * LOW HITPOINT WARNING * * *
The acid corrodes you!
You are splashed with acid!
The acid burns!
Ouch! That really hurt!
You die...

#.## .. .#.## ...
..#.########## ...
.............# #.#
#.[........#.#### #.#
#.#######.......# #.#
#.#######..>....###.##
#...............##...#######
###.#####.......@g)..8.8.8.8
#.# #.).....##......)... #.#
#.......##.......g..
###.#####...................
.......###......#>..........
###.##.# ###..#.............
#.##.## #..####...8.8.8.8
###.....# #..# #...########
..####..####..# #.#


You could see Ijyb.

Vanquished Creatures
  Sigmund (D:2)
  2 adders (D:2)
  2 worms (D:2)
  A dart slug (D:1)
  2 leopard geckos (D:2)
  4 giant cockroaches
  11 goblins
  7 hobgoblins
  4 bats
  2 frilled lizards (D:1)
  4 kobolds (D:1)
  5 rats
45 creatures vanquished.

Vanquished Creatures (others)
  3 goblins (D:2)
3 creatures vanquished.

Grand Total: 48 creatures vanquished

Notes
Turn   | Place    | Note
-------+----------+-------------------------------------------
     0 | D:1      | puylanitar the Gargoyle Fire Elementalist began the quest for the Orb.
     0 | D:1      | Reached XP level 1. HP: 10/10 MP: 3/3
   149 | D:1      | Reached XP level 2. HP: 14/15 MP: 0/5
   681 | D:1      | Reached XP level 3. HP: 19/19 MP: 4/6
   853 | D:2      | Noticed Sigmund
   860 | D:2      | Learned a level 3 spell: Conjure Flame
   863 | D:2      | Learned a level 2 spell: Throw Flame
   967 | D:2      | Found a hazy altar of Hepliaklqana.
   968 | D:2      | Found a burning altar of Makhleb.
   968 | D:2      | Found an opulent altar of Gozag.
  1147 | D:2      | Killed Sigmund
  1147 | D:2      | Reached skill level 4 in Fire Magic
  1147 | D:2      | Reached XP level 4. HP: 23/24 MP: 0/9
  1147 | D:2      | Reached XP level 5. HP: 27/28 MP: 0/10
  1716 | D:2      | Noticed Ijyb
  1724 | D:2      | Reached XP level 6. HP: 32/32 MP: 5/11
  1740 | D:2      | Splashed by Ijyb's acid

Skill      XL: |  1  2  3 |
---------------+----------+-----
Conjurations   | 3 |  3.6
Spellcasting   | 3 |  3.5
Fire Magic     | 4 |  4.4
Dodging        | |  1.5
Stealth        | |  2.1

Action                   |  1- 3 |  4- 6 || total
-------------------------+-------+-------++-------
Melee: Unarmed           |    13 |       ||    13
       Dagger            |    12 |     6 ||    18
 Cast: Flame Tongue      |    51 |    38 ||    89
       Throw Flame       |     2 |       ||     2
       Conjure Flame     |     1 |       ||     1
  Use: Scroll            |     3 |     1 ||     4
  Eat: Chunk             |     1 |     2 ||     3
Armor: Robe              |    16 |     3 ||    19
Dodge: Dodged            |    26 |    13 ||    39
